 Dungeon Crawl Stone Soup version 0.17-a0-1115-g0372368 (webtiles) character file.

1264 HeyJoe the Cleaver (level 8, -2/61 HPs)
             Began as a Deep Dwarf Fighter on May 22, 2015.
             Slain by a hill giant
             ... wielding a +0 giant club
              (30 damage)
             ... on level 6 of the Dungeon.
             The game lasted 00:34:04 (4573 turns).

HeyJoe the Cleaver (Deep Dwarf Fighter)             Turns: 4573, Time: 00:34:04

Health: -2/61      AC:  8    Str: 22    XL:     8   Next: 27%
Magic:  12/12      EV: 11    Int: 11    God:
Gold:   244        SH: 10    Dex: 16    Spells: 0 memorised, 7 levels left

rFire  . . .     SeeInvis .     a - +1 war axe
rCold  . . .     Clarity  .     b - +0 scale mail
rNeg   . . .     SustAt   .     c - +0 shield
rPois  +         Gourm    .     (helmet restricted)
rElec  .         Spirit   .     F - +0 cloak
rCorr  .         Warding  .     E - -1 pair of gloves
rMut   .         Stasis   .     (no boots)
MR     +....                    A - amulet of faith
Stlth  ..........               p - +4 ring of evasion
                                C - ring of poison resistance

@: non-regenerating, somewhat resistant to hostile enchantments, extremely
unstealthy
A: damage resistance, recharge devices, horns 1, agile 2, clever 1,
deterioration 1, frail 1, low mp 1, sense surroundings 1, slow healing 3, wild
magic 1
a: Device Recharging


You were on level 6 of the Dungeon.
You were not hungry.

You visited 2 branches of the dungeon, and saw 7 of its levels.

You collected 244 gold pieces.

Inventory:

Hand weapons
 a - a +1 war axe (weapon)
 o - a +0 giant spiked club
Armour
 b - a +0 scale mail (worn)
 c - a +0 shield (worn)
 E - a -1 pair of gloves (worn)
 F - a +0 cloak (worn)
Jewellery
 j - an uncursed ring of stealth
 p - a +4 ring of evasion (right hand)
 A - an amulet of faith (around neck)
 C - a ring of poison resistance (left hand)
Magical devices
 e - a wand of heal wounds (3)
 t - a wand of fireball (0)
 v - a wand of polymorph (15)
 z - a wand of magic darts (13)
 B - a wand of random effects (20)
Scrolls
 i - 3 scrolls of recharging
 k - a scroll of amnesia
 m - a scroll of teleportation
 q - a scroll of identify
 x - a scroll of enchant weapon
 y - 2 scrolls of remove curse
 H - a scroll of fear
Potions
 g - a potion of flight
 l - 2 potions of heal wounds
 n - a potion of haste
 s - a potion of curing
 u - a potion of resistance
Comestibles
 d - a chunk of flesh
 f - 4 bread rations
 r - 10 fruits
 w - a beef jerky
 D - a royal jelly
 G - 2 meat rations


   Skills:
 - Level 2.6 Fighting
 + Level 9.0 Axes
 - Level 3.2 Armour
 - Level 3.2 Shields
 - Level 7.7 Evocations


You had 7 spell levels left.
You didn't know any spells.

Dungeon Overview and Level Annotations

Branches:
Dungeon (6/15)             Temple (1/1) D:5

Altars:
Ashenzari
Cheibriados
Dithmenos
Elyvilon
Fedhas
Gozag
Kikubaaqudgha
Makhleb
Nemelex Xobeh
Qazlal
Ru
Vehumet
Xom
Yredelemnul
Zin
The Shining One


Innate Abilities, Weirdness & Mutations

You are resistant to damage.
You can recharge devices by infusing magical energy.
You passively map a small area around you.
You do not heal naturally.
You have a pair of small horns on your head.
You are very agile. (Dex +4)
Your mind is acute. (Int +2)
Your body sometimes deteriorates upon taking damage.
You are frail (-10% HP).
Your magical capacity is low (-10% MP).
Your spells are a little harder to cast, but a little more powerful.


Message History

Evoke which item? (* to show all) (? for menu, Esc to quit)
Zapping:
t - a wand of fireball {zapped: 5} (will waste charges)
Press: ? - help, Shift-Dir - straight line, f/p - hill giant
Aim: a hill giant, wielding a giant club (moderately wounded) Nothing appears to happen.
Evoke which item? (* to show all) (? for menu, Esc to quit)
Zapping:
B - a wand of random effects {zapped: 5} (will waste charges)
Press: ? - help, Shift-Dir - straight line, f/p - hill giant
Aim: a hill giant, wielding a giant club (moderately wounded)
The hill giant appears confused.
Evoking this partially-identified wand wasted a few charges.
You hit the hill giant but do no damage.
You headbutt the hill giant, but do no damage.
The hill giant is moderately wounded.
The hill giant says, "I'm a little confused."
You strike the helpless hill giant from behind!
You hit the hill giant. You headbutt the hill giant.
The hill giant is heavily wounded.
The hill giant hits you with a giant club!!
You die...

* * #.# #.# #.#
####*###.# #..,, ...#
#### #.#** ##.##
...####.#####...########
...........#....@C......
...####.##......########
#.## #........## #.#
########.# #.# #.# #.###
*#+#* #...##### * , *
........# .##..##.#


You could see a hill giant (confused).

Vanquished Creatures
  Sigmund (D:6)
  A sky beast (D:6)
  An ogre (D:6)
  A centaur (D:5)
  2 crimson imps
  5 orc wizards
  2 giant frog zombies
  5 worker ants
  Crazy Yiuf (D:4)
  2 orc priests
  Jessica (D:2)
  A giant frog skeleton (D:5)
  3 hound zombies
  4 adders
  7 gnolls
  An ooze (D:1)
  4 worms
  15 orcs
  A ball python (D:4)
  A bat skeleton (D:5)
  6 bat zombies (D:4)
  5 giant cockroaches
  17 goblins
  8 hobgoblins
  9 bats
  2 giant geckos
  2 giant gecko skeletons
  4 giant newts
  20 jackals
  12 kobolds
  2 quokkas (D:5)
  A quokka zombie (D:5)
  9 rats
156 creatures vanquished.

Notes
Turn   | Place    | Note
--------------------------------------------------------------
     0 | D:1      | HeyJoe the Deep Dwarf Fighter began the quest for the Orb.
     0 | D:1      | Reached XP level 1. HP: 20/20 MP: 1/1
   104 | D:1      | Reached XP level 2. HP: 27/27 MP: 2/2
   537 | D:1      | Reached XP level 3. HP: 31/33 MP: 3/3
   722 | D:2      | Noticed Jessica
   729 | D:2      | Killed Jessica
   729 | D:2      | Reached skill level 4 in Axes
   889 | D:2      | Reached XP level 4. HP: 37/40 MP: 4/4
  1128 | D:2      | Reached skill level 1 in Evocations
  1393 | D:3      | Reached skill level 5 in Axes
  1526 | D:3      | Found a burning altar of Makhleb.
  1526 | D:3      | Noticed an Executioner
  1598 | D:3      | Reached XP level 5. HP: 17/46 MP: 0/6
  1931 | D:3      | Found a shattered altar of Ashenzari.
  2242 | D:4      | Found an ancient bone altar of Kikubaaqudgha.
  2381 | D:4      | Found a stormy altar of Qazlal.
  2392 | D:4      | Found a glowing golden altar of the Shining One.
  2577 | D:4      | Reached skill level 6 in Axes
  2577 | D:4      | Reached XP level 6. HP: 38/55 MP: 8/8
  2713 | D:4      | Found a blossoming altar of Fedhas.
  2736 | D:4      | Reached skill level 5 in Evocations
  2907 | D:4      | Noticed Crazy Yiuf
  2912 | D:4      | Killed Crazy Yiuf
  3134 | D:5      | Entered Level 5 of the Dungeon
  3169 | D:5      | Reached XP level 7. HP: 29/61 MP: 11/11
  3211 | D:5      | Reached skill level 7 in Axes
  3419 | D:5      | Found a staircase to the Ecumenical Temple.
  3432 | Temple   | Entered the Ecumenical Temple
  3879 | D:5      | Gained mutation: Your body sometimes deteriorates upon taking damage. [potion of mutation]
  3879 | D:5      | Gained mutation: You are agile. (Dex +2) [potion of mutation]
  3879 | D:5      | Gained mutation: You are frail (-10% HP). [potion of mutation]
  3880 | D:5      | Gained mutation: You have a pair of small horns on your head. [potion of mutation]
  3881 | D:5      | Gained mutation: Your mind is acute. (Int +2) [potion of mutation]
  3882 | D:5      | Gained mutation: Your spells are a little harder to cast, but a little more powerful. [potion of mutation]
  3882 | D:5      | Gained mutation: You are very agile. (Dex +4) [potion of mutation]
  3882 | D:5      | Gained mutation: Your magical capacity is low (-10% MP). [potion of mutation]
  4220 | D:6      | Reached skill level 8 in Axes
  4389 | D:6      | Noticed Sigmund
  4399 | D:6      | Reached XP level 8. HP: 41/61 MP: 12/12
  4432 | D:6      | Killed Sigmund
  4549 | D:6      | Reached skill level 9 in Axes
  4564 | D:6      | Noticed a hill giant
  4573 | D:6      | Slain by a hill giant

Vault maps used:
D:1:      dpeg_arrival_lava_temple_mockup, st_stairs_8, minmay_parallelograms
D:2:      minmay_misc_feat_roman, uniq_jessica
D:3:      lemuel_doored_altar, first_bread, makhleb_altar_promises_db
D:4:      lemuel_zombie_altar_kikubaaqudgha, minitemple, minivault_24,
          fedhas_altar_fruit_tree, uniq_crazy_yiuf_cottage
D:5:      lemuel_castle_with_subvaults, okawaru_altar_gauntlet_db,
          minmay_temple_entry_glassed_door
D:6:      basic_altar, uniq_sigmund
Temple:   dpeg_five_rooms_temple_12

Action                   |  1- 3 |  4- 6 |  7- 9 || total
-------------------------+-------+-------+-------++-------
Melee: War axe           |    92 |   293 |   104 ||   489
Evoke: Wand              |       |     3 |     6 ||     9
  Use: Potion            |       |     1 |    11 ||    12
       Scroll            |       |    12 |     2 ||    14
 Stab: Sleeping          |       |       |     1 ||     1
       Confused          |       |       |     1 ||     1
  Eat: Chunk             |       |     8 |     5 ||    13
